 Dungeon Sprint DCSS version 0.21.1-1-g345015f (webtiles) character file.

466979 Psiloshibe the Barachian Ballista (level 22, -11/209 (212) HPs)
             Began as a Barachi Berserker on May 28, 2018.
             Was the Champion of Trog.
             Killed by divine providence
             ... invoked by a greater mummy
              (13 damage)
             ... in the Dungeon (Sprint IX: "|||||||||||||||||||||||||||||").
             The game lasted 01:09:24 (7005 turns).

Psiloshibe the Barachian Ballista (BaBe)            Turns: 7005, Time: 01:09:24

HP:   -11/209 (212) AC: 37    Str: 28    XL:     22   Next: 46%
MP:   39/39         EV: 26    Int: 14    God:    Trog [******]
Gold: 213           SH:  0    Dex: 13    Spells: 21/21 levels left

rFire    + + .     SeeInvis +   a - +10 dark maul {crush}
rCold    + + .     Gourm    .   (shield currently unavailable)
rNeg     + + .     Faith    .   N - +7 pearl dragon scales "Upluest" {-Cast rN+ rCorr Dex+2}
rPois    +         Spirit   .   j - +0 mask of the Dragon {MR+ Slay+3 SInv}
rElec    .         Reflect  .   M - scarf {rC+ rF+}
rCorr    +         Harm     .   k - +2 pair of gloves {archery}
MR       ++++.     NoTele   +   K - +2 pair of boots Stlth ++++++++..NoCast +
                                U - amulet of regeneration
HPRegen  1.00/turn              Z - ring "Orody" {rF+ rC+ rN+ Int+3}
MPRegen  0.26/turn              L - +4 ring of strength

@: recuperating, diseased, slow
A: +LOS, swims, clumsy 1, poison resistance, slowness 1, strong legs 2
}: 7/15 runes: decaying, serpentine, barnacled, slimy, elven, silver, gossamer
a: Hop, Berserk, Trog's Hand, Brothers in Arms, Burn Spellbooks, Renounce
Religion


You were in the Dungeon.
You worshipped Trog.
Trog was exalted by your worship.
You were not hungry.

You visited 1 branch You collected 1954 gold pieces.
You spent 1741 gold pieces at shops.

Inventory:

Hand Weapons
 a - the +10 dark maul (weapon) {crush}
   (Trog gifted it to you in the Dungeon)

   It inflicts extra damage upon your enemies.
 b - the +10 morningstar "Eos" {elec, Halo rElec}
   (You found it in the Dungeon)

   Occasionally, upon striking a foe, it will discharge some electrical energy
   and cause terrible harm.
   It insulates you from electricity.
 e - the +3 falchion of Trog's Displeasure {slice, rElec}
   (Trog gifted it to you in the Dungeon)

   It inflicts extra damage upon your enemies.
   It insulates you from electricity.
 o - the +13 fustibalus of Extremism {venom, rC+ MR- Str+3 SInv}
   (Trog gifted it to you in the Dungeon)

   It poisons the ammo it fires.
   It affects your strength (+3).
   It protects you from cold.
   It affects your resistance to hostile enchantments.
   It lets you see invisible.
 q - a +4 triple sword of flaming
 r - a +5 antimagic triple sword
 B - the +9 great sword "Pocutuni" {antimagic, +Fly rF+, unknown}
   (Trog gifted it to you in the Dungeon)

   It reduces the magical energy of the wielder, and disrupts the spells and
   magical abilities of those hit.
   Natural abilities and divine invocations are not affected.
   It protects you from fire.
   It lets you fly.
 S - the +3 great mace "Cuhuy" {flame, rPois rN+ MR-, unknown}
   (Trog gifted it to you in the Dungeon)

   It has been specially enchanted to burn those struck by it, causing extra
   injury to most foes and up to half again as much damage against particularly
   susceptible opponents.
   It protects you from poison.
   It protects you from negative energy.
   It affects your resistance to hostile enchantments.
 W - a +4 great sword of holy wrath
Missiles
 A - 11 silver javelins
 E - 9 exploding tomahawks
 F - 21 javelins of penetration (quivered)
 G - 30 poisoned javelins
 I - 16 silver tomahawks
 J - 14 tomahawks of dispersal
 R - 33 steel javelins
 T - 55 sling bullets
 V - 7 poisoned tomahawks
 X - 18 tomahawks of returning
Armour
 j - the +0 mask of the Dragon (worn) {MR+ Slay+3 SInv}
   (You found it in the Dungeon)

   It affects your accuracy and damage with ranged weapons and melee attacks
   (+3).
   It affects your resistance to hostile enchantments.
   It lets you see invisible.
 k - a +2 pair of gloves of archery (worn)
 y - the +0 helmet "Lodihi" {-Cast rPois rN+++ MR-}
   (You found it in the Dungeon)

   It protects you from poison.
   It renders you almost immune to negative energy.
   It affects your resistance to hostile enchantments.
   It prevents spellcasting.
 z - the +7 plate armour of Tuerur {+Blink rF+ Regen+}
   (You found it in the Dungeon)

   It protects you from fire.
   It lets you blink.
   It increases your rate of regeneration.
 K - a +2 pair of boots (worn)
 M - a scarf of resistance (worn)
 N - the +7 pearl dragon scales "Upluest" (worn) {-Cast rN+ rCorr Dex+2}
   (You bought it in a shop in the Dungeon)

   It affects your dexterity (+2).
   It protects you from negative energy.
   It prevents spellcasting.
   It protects you from acid and corrosion.
Jewellery
 c - the ring of Roxestript {Ice +Blink MR+ Str+2 SInv}
   (You found it in the Dungeon)

   [ring of ice]

   It enhances your ice magic.
   It affects your strength (+2).
   It makes you vulnerable to fire.
   It protects you from cold.
   It affects your resistance to hostile enchantments.
   It lets you see invisible.
   It lets you blink.
 s - the amulet of Iqoneyre {Harm *Drain rPois Dex+6}
   (You found it in the Dungeon)

   [amulet of harm]

   It increases damage dealt and taken.
   It affects your dexterity (+6).
   It protects you from poison.
   It causes draining when unequipped.
 L - a +4 ring of strength (right hand)
 U - an amulet of regeneration (around neck)
 Z - the ring "Orody" (left hand) {rF+ rC+ rN+ Int+3}
   (You found it in the Dungeon)

   [ring of positive energy]

   It affects your intelligence (+3).
   It protects you from fire.
   It protects you from cold.
   It protects you from negative energy.
Wands
 n - a wand of iceblast (9)
Scrolls
 i - 4 scrolls of blinking
 m - 4 scrolls of remove curse
 u - 6 scrolls of fog
 v - a scroll of identify
 w - 5 scrolls of enchant armour
 O - 6 scrolls of fear
 P - 5 scrolls of enchant weapon
Potions
 d - 6 potions of curing
 f - 9 potions of haste
 g - 4 potions of magic
 h - 4 potions of berserk rage
 l - 10 potions of heal wounds
 p - 4 potions of brilliance
 t - a potion of flight
 x - 3 potions of agility
 D - a potion of resistance
 Q - 2 potions of might
Books
 C - a book of Battle

   Spells                             Type                      Level
   a - Infusion                       Charms                       1
   b - Shroud of Golubria             Charms/Translocation         2
   c - Song of Slaying                Charms                       2
   d - Spectral Weapon                Hexes/Charms                 3
   e - Regeneration                   Charms/Necromancy            3
   Trog disapproves of the use of such an item.
Comestibles
 H - 8 rations


   Skills:
 O Level 27 Fighting
 O Level 27 Long Blades
 O Level 27 Maces & Flails
 + Level 24.6(27) Slings
 O Level 27 Throwing
 O Level 27 Armour
 O Level 27 Dodging
 O Level 27 Stealth
 O Level 27 Unarmed Combat
 O Level 27 Evocations


You had 21 spell levels left.
You didn't know any spells.

Dungeon Overview and Level Annotations

Branches:
Dungeon (1/1)

Altars:
Cheibriados
Dithmenos
Elyvilon
Fedhas
Gozag
Hepliaklqana
Kikubaaqudgha
Makhleb
Nemelex Xobeh
Okawaru
Qazlal
Ru
Sif Muna
Trog
Uskayaw
Vehumet
Wu Jian
Xom
Yredelemnul
Zin
The Shining One
Beogh
Jiyva
Lugonu

Shops:
D ?[**


Innate Abilities, Weirdness & Mutations

Shadows flee at your approach. (+LOS)
You can swim through water.
You cover ground slowly.
You can hop long distances.
You are clumsy. (Dex -2)
Your system is resistant to poisons. (rPois)


Message History

The javelin of penetration closely misses the death scarab.
The javelin of penetration pierces through the death scarab!!!
You destroy the death scarab!
The death scarab's corpse disappears in a puff of smoke!
Trog accepts your kill.
Trog appreciates your killing of a magic user.
You feel extremely nervous for a moment...
You convulse helplessly as pain tears through your body!
* * * LOW HITPOINT WARNING * * *
The death scarab disappears in a puff of smoke!
Your base Slings skill increases to level 24!
You feel a bit more experienced. Trog accepts your kill.
Something appears at your feet! Trog grants you ammunition!
You feel extremely nervous for a moment...
Something reaches out for you...
You feel a bit more experienced.
The greater mummy points at you and mumbles some strange words.
Something smites you!
You die...

[▓.▓)▓.▓.▓.▓)▓.▓.▓
[▓.▓.▓.▓'▓.▓)▓.▓.▓
[▓)▓.▓.▓.▓.▓(▓.▓.▓
[▓.▓[▓.▓'▓.▓)▓.▓.▓
[▓.▓'▓.▓.▓.▓(▓.▓.▓
[▓)▓)▓.▓'▓.▓)▓.▓.▓
[▓.▓)▓.▓(▓.▓)▓.▓.▓
.▓)▓.▓.▓)▓.▓.▓.▓.▓
.▓)▓.▓.▓)▓.▓.▓.▓@▓
.▓.▓.▓.▓.▓.▓)▓.▓3▓
.▓.▓.▓.▓)▓.▓.▓.▓M▓
.▓)▓.▓.▓.▓.▓)▓.▓.▓
.▓.▓.▓.▓.▓.▓'▓.▓.▓
)▓.▓'▓.▓.▓.▓.▓.▓§▓
.▓.▓(▓.▓.▓.▓)▓.▓§▓
=▓.▓)▓.▓.▓.▓.▓.▓M▓
.▓.▓.▓.▓.▓.▓.▓.▓M▓


You could see a greater mummy and a soul eater.

Vanquished Creatures
  the Royal Jelly (D)
  4 orbs of fire (D)
  4 ancient liches (D)
  Mennas (D)
  Mara (D)
  Sojobo (D)
  4 greater mummies (D)
  Frederick (D)
  Margery (D)
  Xtahua (D)
  A Killer Klown (D)
  3 golden dragons (D)
  A curse toe (D)
  Nikola (D)
  4 electric golems (D)
  3 tentacled monstrosities (D)
  4 liches (D)
  27 Orb Guardians (D)
  2 titans (D)
  3 deep elf blademasters (D)
  6 acid blobs (D)
  2 quicksilver dragons (D)
  A death cob (D)
  2 deep elf master archers (D)
  12 sphinxes (D)
  A thorn hunter (D)
  A draconian monk (D)
  9 nagarajas (D)
  8 shadow dragons (D)
  3 tengu reavers (D)
  3 storm dragons (D)
  8 azure jellies (D)
  Ilsuiw (D)
  A frost giant (D)
  A ghost moth (D)
  2 draconian scorchers (D)
  2 vault wardens (D)
  An orc warlord (D)
  3 emperor scorpions (D)
  A draconian knight (D)
  3 draconian stormcallers (D)
  A very ugly thing (D)
  3 draconian annihilators (D)
  3 ironheart preservers (D)
  A war gargoyle (D)
  A draconian shifter (D)
  8 vampire knights (D)
  4 deep elf demonologists (D)
  A stone giant (D)
  5 green draconians (D)
  2 black draconians (D)
  An entropy weaver (D)
  4 yellow draconians (D)
  Azrael (D)
  2 purple draconians (D)
  2 red draconians (D)
  2 white draconians (D)
  3 deep elf annihilators (D)
  2 spark wasps (D)
  An ettin (D)
  4 merfolk javelineers (D)
  9 death oozes (D)
  A crystal guardian (D)
  9 mummy priests (D)
  2 fire dragons (D)
  4 merfolk impalers (D)
  2 deep elf high priests (D)
  2 great orbs of eyes (D)
  Erolcha (D)
  3 ice dragons (D)
  6 hydras (D)
  3 yaktaur captains (D)
  2 naga warriors (D)
  25 vault guards (D)
  A ghost crab (D)
  Erica (D)
  2 merfolk avatars (D)
  3 merfolk aquamancers (D)
  A death knight (D)
  A spriggan air mage (D)
  3 deep troll earth magi (D)
  3 centaur warriors (D)
  Urug (D)
  A two-headed ogre (D)
  An ogre mage (D)
  5 orc high priests (D)
  2 vampire magi (D)
  2 naga sharpshooters (D)
  Nergalle (D)
  A spriggan berserker (D)
  8 hell knights (D)
  A shadow wraith (D)
  12 spriggans (D)
  2 deep elf knights (D)
  A fire crab (shapeshifter) (D)
  2 sea snakes (D)
  2 unseen horrors (shapeshifter) (D)
  A flayed ghost (D)
  A glowing orange brain (D)
  7 swamp dragons (D)
  14 orc knights (D)
  2 harpies (D)
  A shambling mangrove (D)
  An ironbrand convoker (D)
  A wizard (D)
  An orb spider (D)
  5 wolf spiders (D)
  A mana viper (D)
  14 moths of wrath (D)
  3 manticores (D)
  An ugly thing (D)
  A water nymph (D)
  4 naga magi (D)
  2 black mambas (D)
  A guardian serpent (shapeshifter) (D)
  A torpor snail (D)
  6 vault sentinels (D)
  5 spiny frogs (D)
  A freezing wraith (D)
  2 yaktaurs (D)
  2 demonic crawlers (D)
  13 guardian mummies (D)
  A tengu conjurer (D)
  A tyrant leech (D)
  3 jumping spiders (D)
  2 merfolk (D)
  A troll (D)
  A blink frog (shapeshifter) (D)
  A bog body (D)
  3 hornets (D)
  2 blink frogs (D)
  A slime creature (D)
  2 hippogriffs (D)
  2 redbacks (D)
  A wraith (D)
  A shadow (D)
  4 fire elementals (D)
  2 golden eyes (D)
  3 vampire mosquitoes (D)
  An insubstantial wisp (D)
  2 nagas (D)
  An acid dragon (D)
  A floating eye (shapeshifter) (D)
  2 hell hounds (D)
  A porcupine (D)
  4 floating eyes (D)
  11 orc warriors (D)
  2 swamp drakes (D)
  A boggart (D)
  2 centaurs (D)
  3 crocodiles (D)
  A crocodile (shapeshifter) (D)
  6 bullfrogs (D)
  A scorpion (D)
  2 crimson imps (D)
  A quasit (D)
  3 orc priests (D)
  4 orc wizards (D)
  3 adders (D)
  A leopard gecko (D)
  6 orcs (D)
  2 giant cockroaches (D)
  A goblin (D)
  A hobgoblin (D)
  A kobold (D)
  A bat (D)
503 creatures vanquished.

Vanquished Creatures (collateral kills)
  A black mamba (D)
  2 komodo dragons (D)
  2 yaks (D)
  A water moccasin (D)
  2 porcupines (D)
  A bullfrog (D)
9 creatures vanquished.

Vanquished Creatures (others)
  A vampire knight (D)
1 creature vanquished.

Grand Total: 513 creatures vanquished

Notes
Turn   | Place    | Note
-------+----------+-------------------------------------------
     0 | D        | Psiloshibe the Barachi Berserker began the quest for the Orb.
     0 | D        | Reached XP level 1. HP: 18/18 MP: 1/1
     8 | D        | Reached ** piety under Trog
   116 | D        | Noticed a centaur
   116 | D        | Noticed a crimson imp
   116 | D        | Noticed a quasit
   118 | D        | Reached skill level 1 in Throwing
   118 | D        | Reached XP level 2. HP: 26/26 MP: 2/2
   120 | D        | HP: 1/26 [centaur (6)]
   124 | D        | Killed a centaur
   124 | D        | Reached *** piety under Trog
   124 | D        | Reached XP level 3. HP: 35/35 MP: 3/3
   124 | D        | Reached XP level 4. HP: 41/41 MP: 4/4
   136 | D        | Received a gift from Trog
   136 | D        | Reached XP level 5. HP: 48/48 MP: 5/5
   170 | D        | Found a roughly hewn altar of Beogh.
   170 | D        | Found a snail-covered altar of Cheibriados.
   170 | D        | Found a shadowy altar of Dithmenos.
   170 | D        | Found a white marble altar of Elyvilon.
   170 | D        | Found a blossoming altar of Fedhas.
   170 | D        | Found an opulent altar of Gozag.
   170 | D        | Found a hazy altar of Hepliaklqana.
   171 | D        | Found a viscous altar of Jiyva.
   172 | D        | Found an ancient bone altar of Kikubaaqudgha.
   173 | D        | Found a corrupted altar of Lugonu.
   174 | D        | Found a burning altar of Makhleb.
   175 | D        | Found a sparkling altar of Nemelex Xobeh.
   176 | D        | Found an iron altar of Okawaru.
   177 | D        | Found a stormy altar of Qazlal.
   178 | D        | Found a sacrificial altar of Ru.
   179 | D        | Found a deep blue altar of Sif Muna.
   180 | D        | Found a bloodstained altar of Trog.
   181 | D        | Found a hide-covered altar of Uskayaw.
   182 | D        | Found a radiant altar of Vehumet.
   183 | D        | Found an ornate altar of the Wu Jian Council.
   184 | D        | Found a shimmering altar of Xom.
   185 | D        | Found a basalt altar of Yredelemnul.
   186 | D        | Found a glowing silver altar of Zin.
   187 | D        | Found a glowing golden altar of the Shining One.
   241 | D        | Noticed a hippogriff
   249 | D        | Killed a hippogriff
   249 | D        | Reached skill level 5 in Throwing
   249 | D        | Reached skill level 5 in Dodging
   249 | D        | Reached XP level 6. HP: 44/59 MP: 6/6
   250 | D        | Reached **** piety under Trog
   264 | D        | Reached skill level 10 in Long Blades
   266 | D        | Reached skill level 10 in Fighting
   266 | D        | Reached XP level 7. HP: 56/66 MP: 7/7
   283 | D        | Got the +2 rapier "Useob" {flame, *Rage +Fly Stlth+}
   297 | D        | Noticed a hippogriff
   297 | D        | Noticed a two-headed ogre
   297 | D        | Noticed a wraith
   302 | D        | Killed a hippogriff
   302 | D        | Reached skill level 5 in Armour
   309 | D        | Killed a two-headed ogre
   309 | D        | Reached ***** piety under Trog
   309 | D        | Reached XP level 8. HP: 39/76 MP: 8/8
   315 | D        | Killed a wraith
   318 | D        | Received a gift from Trog
   555 | D        | Noticed a komodo dragon
   555 | D        | Noticed a komodo dragon
   555 | D        | Noticed a yak
   555 | D        | Noticed a black mamba
   559 | D        | Noticed a yak
   564 | D        | Killed a komodo dragon
   564 | D        | Reached XP level 9. HP: 13/83 MP: 9/9
   565 | D        | Killed a komodo dragon
   569 | D        | Received a gift from Trog
   580 | D        | Killed a black mamba
   582 | D        | Received a gift from Trog
   770 | D        | Noticed a spiny frog
   770 | D        | Noticed a spiny frog
   770 | D        | Noticed a spiny frog
   770 | D        | Noticed a spiny frog
   773 | D        | Reached skill level 15 in Long Blades
   782 | D        | Killed a spiny frog
   784 | D        | Killed a spiny frog
   784 | D        | Reached skill level 10 in Throwing
   789 | D        | Killed a spiny frog
   789 | D        | Reached XP level 10. HP: 80/92 MP: 10/10
   793 | D        | Killed a spiny frog
   793 | D        | Received a gift from Trog
   830 | D        | Noticed a spiny frog
   842 | D        | Killed a spiny frog
   842 | D        | Reached skill level 10 in Armour
   843 | D        | Reached ****** piety under Trog
   848 | D        | Received a gift from Trog
   945 | D        | Noticed Erolcha
   949 | D        | Killed Erolcha
   949 | D        | Received a gift from Trog
  1001 | D        | Received a gift from Trog
  1001 | D        | Received a gift from Trog
  1005 | D        | Noticed an orc high priest
  1007 | D        | Received a gift from Trog
  1010 | D        | Received a gift from Trog
  1010 | D        | Killed an orc high priest
  1010 | D        | Reached XP level 11. HP: 97/101 MP: 11/11
  1015 | D        | Received a gift from Trog
  1017 | D        | Got a transparent falchion {god gift}
  1067 | D        | Noticed an orc knight
  1069 | D        | Received a gift from Trog
  1070 | D        | Received a gift from Trog
  1070 | D        | Reached skill level 15 in Fighting
  1071 | D        | Received a gift from Trog
  1083 | D        | Killed an orc knight
  1083 | D        | Received a gift from Trog
  1083 | D        | Reached skill level 1 in Stealth
  1084 | D        | Received a gift from Trog
  1350 | D        | Found Iding's Magic Scroll Emporium.
  1350 | D        | Noticed an orc high priest
  1350 | D        | Noticed an orc knight
  1350 | D        | Noticed an orc knight
  1350 | D        | Noticed an orc knight
  1350 | D        | Noticed an orc knight
  1350 | D        | Noticed an orc high priest
  1355 | D        | Killed an orc high priest
  1356 | D        | Noticed an orc high priest
  1356 | D        | Killed an orc high priest
  1358 | D        | Noticed an orc knight
  1358 | D        | Killed an orc knight
  1359 | D        | Killed an orc knight
  1359 | D        | Killed an orc knight
  1359 | D        | Received a gift from Trog
  1359 | D        | Killed an orc knight
  1359 | D        | Killed an orc knight
  1364 | D        | Noticed an orc knight
  1367 | D        | Killed an orc high priest
  1367 | D        | Received a gift from Trog
  1367 | D        | Reached skill level 15 in Throwing
  1373 | D        | Found Koigahe's Antique Armour Shoppe.
  1378 | D        | Killed an orc knight
  1388 | D        | Found Eloahar's General Store.
  1392 | D        | Found Ubichaus's Assorted Antiques.
  1399 | D        | Noticed an orc knight
  1400 | D        | Noticed an orc knight
  1401 | D        | Noticed an orc high priest
  1402 | D        | Noticed a sun demon
  1408 | D        | Noticed an orc knight
  1408 | D        | Killed an orc knight
  1408 | D        | Received a gift from Trog
  1408 | D        | Reached XP level 12. HP: 107/111 MP: 12/12
  1408 | D        | Killed an orc high priest
  1421 | D        | Bought a glowing scarf for 192 gold pieces
  1440 | D        | Bought the +7 pearl dragon scales "Upluest" {-Cast rN+ rCorr Dex+2} for 1549 gold pieces
  1523 | D        | Noticed Erica
  1535 | D        | Killed Erica
  1544 | D        | Identified the +3 falchion of Trog's Displeasure {slice, rElec} (Trog gifted it to you in the Dungeon)
  1589 | D        | Noticed Urug
  1603 | D        | Killed Urug
  1636 | D        | Found the +10 morningstar "Eos" {elec, Halo rElec}
  1666 | D        | Got the +0 helmet "Lodihi" {-Cast rPois rN+++ MR-}
  1674 | D        | Got the +7 plate armour of Tuerur {+Blink rF+ Regen+}
  1757 | D        | Noticed a centaur warrior
  1761 | D        | Noticed a centaur warrior
  1762 | D        | Received a gift from Trog
  1764 | D        | Received a gift from Trog
  1770 | D        | Noticed a great orb of eyes
  1780 | D        | Killed a centaur warrior
  1780 | D        | Reached skill level 1 in Maces & Flails
  1781 | D        | Received a gift from Trog
  1782 | D        | Killed a centaur warrior
  1783 | D        | Noticed a vampire knight
  1783 | D        | Paralysed by a great orb of eyes for 5 turns
  1789 | D        | Killed a great orb of eyes
  1791 | D        | Killed a vampire knight
  1791 | D        | Received a gift from Trog
  1807 | D        | Noticed an ogre mage
  1813 | D        | Killed an ogre mage
  2031 | D        | Noticed a merfolk impaler
  2031 | D        | Noticed a merfolk impaler
  2035 | D        | Reached skill level 10 in Dodging
  2038 | D        | Killed a merfolk impaler
  2038 | D        | Received a gift from Trog
  2038 | D        | Gained mutation: You can hop long distances. [Barachi growth]
  2038 | D        | Reached XP level 13. HP: 79/120 MP: 13/13
  2039 | D        | Got a brightly glowing fustibalus {god gift}
  2040 | D        | Killed a merfolk impaler
  2040 | D        | Reached skill level 5 in Maces & Flails
  2045 | D        | Received a gift from Trog
  2277 | D        | Noticed a thorn hunter
  2281 | D        | Killed a thorn hunter
  2281 | D        | Reached skill level 15 in Armour
  2285 | D        | Received a gift from Trog
  2286 | D        | Received a gift from Trog
  2310 | D        | Noticed a spark wasp
  2314 | D        | Received a gift from Trog
  2314 | D        | Received a gift from Trog
  2319 | D        | Killed a spark wasp
  2348 | D        | Noticed a nagaraja
  2348 | D        | Noticed a nagaraja
  2352 | D        | Received a gift from Trog
  2352 | D        | Killed a nagaraja
  2355 | D        | Received a gift from Trog
  2363 | D        | Killed a nagaraja
  2363 | D        | Reached XP level 14. HP: 113/130 MP: 14/14
  2544 | D        | Noticed a tengu reaver
  2544 | D        | Noticed a stone giant
  2547 | D        | Received a gift from Trog
  2548 | D        | Received a gift from Trog
  2549 | D        | Noticed a frost giant
  2550 | D        | Killed a stone giant
  2552 | D        | Killed a tengu reaver
  2552 | D        | Killed a frost giant
  2556 | D        | Received a gift from Trog
  2597 | D        | Received a gift from Trog
  2618 | D        | Reached skill level 5 in Stealth
  2646 | D        | Noticed a vault warden
  2646 | D        | Noticed an ironheart preserver
  2651 | D        | Killed an ironheart preserver
  2651 | D        | Received a gift from Trog
  2654 | D        | Noticed an ironheart preserver
  2654 | D        | Received a gift from Trog
  2656 | D        | Killed a vault warden
  2658 | D        | Killed an ironheart preserver
  2681 | D        | Received a gift from Trog
  2683 | D        | Noticed a vampire knight
  2683 | D        | Noticed Frederick
  2683 | D        | Noticed a deep elf annihilator
  2686 | D        | Killed a vampire knight
  2697 | D        | Noticed an ironheart preserver
  2698 | D        | Killed Frederick
  2698 | D        | Received a gift from Trog
  2698 | D        | Reached XP level 15. HP: 134/139 MP: 15/15
  2702 | D        | Received a gift from Trog
  2717 | D        | Reached skill level 10 in Maces & Flails
  2727 | D        | Received a gift from Trog
  2757 | D        | Received a gift from Trog
  2867 | D        | Noticed Nergalle
  2870 | D        | Noticed Mara
  2878 | D        | Killed Nergalle
  2914 | D        | Noticed Psiloshibe's illusion
  2924 | D        | Killed Mara
  3187 | D        | Identified the +13 fustibalus of Extremism {venom, rC+ MR- Str+3 SInv} (Trog gifted it to you in the Dungeon)
  3317 | D        | Received a gift from Trog
  3318 | D        | Noticed Azrael
  3325 | D        | Killed Azrael
  3325 | D        | Received a gift from Trog
  3374 | D        | Noticed Xtahua
  3378 | D        | Paralysed by Xtahua for 3 turns
  3384 | D        | Killed Xtahua
  3427 | D        | Noticed an emperor scorpion
  3428 | D        | Noticed an emperor scorpion
  3434 | D        | Received a gift from Trog
  3445 | D        | Killed an emperor scorpion
  3456 | D        | Killed an emperor scorpion
  3456 | D        | Received a gift from Trog
  3467 | D        | Noticed an emperor scorpion
  3469 | D        | Noticed a ghost moth
  3471 | D        | Reached skill level 15 in Dodging
  3476 | D        | Killed a ghost moth
  3487 | D        | Killed an emperor scorpion
  3487 | D        | Reached skill level 10 in Stealth
  3640 | D        | Got a gossamer rune of Zot
  3649 | D        | Noticed Ilsuiw
  3660 | D        | Received a gift from Trog
  3660 | D        | Received a gift from Trog
  3666 | D        | Killed Ilsuiw
  3666 | D        | Reached XP level 16. HP: 123/152 MP: 5/16
  3678 | D        | Received a gift from Trog
  3685 | D        | Received a gift from Trog
  3745 | D        | Got a barnacled rune of Zot
  3754 | D        | Noticed a nagaraja
  3754 | D        | Noticed a nagaraja
  3755 | D        | Noticed a nagaraja
  3757 | D        | Noticed a nagaraja
  3765 | D        | Received a gift from Trog
  3766 | D        | Killed a nagaraja
  3767 | D        | Killed a nagaraja
  3767 | D        | Reached skill level 27 in Throwing
  3768 | D        | Received a gift from Trog
  3768 | D        | Killed a nagaraja
  3768 | D        | Received a gift from Trog
  3769 | D        | Noticed a nagaraja
  3776 | D        | Noticed a nagaraja
  3779 | D        | Killed a nagaraja
  3779 | D        | Received a gift from Trog
  3780 | D        | Noticed a nagaraja
  3784 | D        | Killed a nagaraja
  3791 | D        | Killed a nagaraja
  3798 | D        | Killed a nagaraja
  3798 | D        | Received a gift from Trog
  3801 | D        | Received a gift from Trog
  3816 | D        | Got a serpentine rune of Zot
  3874 | D        | Received a gift from Trog
  3877 | D        | Received a gift from Trog
  3880 | D        | Received a gift from Trog
  3897 | D        | Got a decaying rune of Zot
  3955 | D        | Noticed a tengu reaver
  3958 | D        | Noticed Sojobo
  3961 | D        | Noticed a tengu reaver
  3964 | D        | Killed a tengu reaver
  3974 | D        | Killed a tengu reaver
  3985 | D        | Killed Sojobo
  3985 | D        | Received a gift from Trog
  4120 | D        | Received a gift from Trog
  4133 | D        | Received a gift from Trog
  4133 | D        | Reached XP level 17. HP: 156/164 MP: 10/17
  4151 | D        | Received a gift from Trog
  4223 | D        | Received a gift from Trog
  4295 | D        | Received a gift from Trog
  4305 | D        | Noticed a lich
  4308 | D        | Killed a lich
  4309 | D        | Reached skill level 15 in Stealth
  4313 | D        | Received a gift from Trog
  4326 | D        | Received a gift from Trog
  4327 | D        | Found the +10 dark maul {crush}
  4358 | D        | Received a gift from Trog
  4359 | D        | Paralysed by a floating eye for 2 turns
  4364 | D        | Received a gift from Trog
  4437 | D        | Noticed a titan
  4437 | D        | Noticed an ancient lich
  4437 | D        | Noticed a titan
  4437 | D        | Noticed a quicksilver dragon
  4438 | D        | Found the +0 mask of the Dragon {MR+ Slay+3 SInv}
  4443 | D        | Noticed a quicksilver dragon
  4443 | D        | Killed a titan
  4443 | D        | Received a gift from Trog
  4443 | D        | Reached skill level 15 in Maces & Flails
  4444 | D        | Killed a titan
  4444 | D        | Received a gift from Trog
  4444 | D        | Killed a quicksilver dragon
  4444 | D        | Reached skill level 27 in Fighting
  4445 | D        | Killed an ancient lich
  4448 | D        | Killed a quicksilver dragon
  4463 | D        | Got a fine amethyst amulet
  4464 | D        | Identified the amulet of Iqoneyre {Harm *Drain rPois Dex+6} (You found it in the Dungeon)
  4468 | D        | Got a silver rune of Zot
  4477 | D        | Got a slimy pewter ring
  4478 | D        | Identified the ring "Orody" {rF+ rC+ rN+ Int+3} (You found it in the Dungeon)
  4499 | D        | Noticed Mennas
  4512 | D        | Killed Mennas
  4512 | D        | Received a gift from Trog
  4512 | D        | Reached XP level 18. HP: 104/182 MP: 18/18
  4681 | D        | Got the ring of Roxestript {Ice +Blink MR+ Str+2 SInv}
  4685 | D        | Got the ring "Opsunam" {Ice +Inv Int+2 Dex+2}
  4687 | D        | Got the ring "Puiweasm" {+Fly rF+ MR+ Str-4}
  4689 | D        | Got the ring of Soejyiss {AC+3 Dex+2}
  4773 | D        | Noticed Nikola
  4779 | D        | Killed Nikola
  4808 | D        | Received a gift from Trog
  4810 | D        | Noticed Margery
  4819 | D        | Killed Margery
  4820 | D        | Received a gift from Trog
  4840 | D        | Received a gift from Trog
  4895 | D        | Received a gift from Trog
  4896 | D        | Received a gift from Trog
  4927 | D        | Noticed a golden dragon
  4933 | D        | Received a gift from Trog
  4936 | D        | Killed a golden dragon
  4936 | D        | Received a gift from Trog
  4941 | D        | Received a gift from Trog
  4948 | D        | Received a gift from Trog
  4974 | D        | Noticed an orb of fire
  4980 | D        | Killed an orb of fire
  4982 | D        | Received a gift from Trog
  5161 | D        | Noticed a tentacled monstrosity
  5161 | D        | Noticed a golden dragon
  5167 | D        | Killed a tentacled monstrosity
  5170 | D        | Killed a golden dragon
  5170 | D        | Received a gift from Trog
  5170 | D        | Reached XP level 19. HP: 174/189 MP: 18/20
  5176 | D        | Received a gift from Trog
  5190 | D        | Noticed a tentacled monstrosity
  5190 | D        | Noticed a curse toe
  5190 | D        | Noticed an electric golem
  5193 | D        | Killed a tentacled monstrosity
  5195 | D        | Noticed a golden dragon
  5196 | D        | Received a gift from Trog
  5201 | D        | Received a gift from Trog
  5201 | D        | Killed a golden dragon
  5201 | D        | Received a gift from Trog
  5205 | D        | Killed a curse toe
  5205 | D        | Reached skill level 5 in Evocations
  5210 | D        | Killed an electric golem
  5210 | D        | Received a gift from Trog
  5282 | D        | Noticed a tentacled monstrosity
  5286 | D        | Received a gift from Trog
  5289 | D        | Received a gift from Trog
  5292 | D        | Killed a tentacled monstrosity
  5292 | D        | Received a gift from Trog
  5408 | D        | Received a gift from Trog
  5408 | D        | Reached skill level 27 in Maces & Flails
  5408 | D        | Received a gift from Trog
  5408 | D        | Received a gift from Trog
  5409 | D        | Got a steaming great mace {god gift}
  5416 | D        | Reached skill level 27 in Armour
  5518 | D        | Received a gift from Trog
  5712 | D        | Noticed an ancient lich
  5714 | D        | Killed an ancient lich
  5714 | D        | Received a gift from Trog
  5714 | D        | Reached skill level 27 in Dodging
  5714 | D        | Reached XP level 20. HP: 197/197 MP: 25/25
  5719 | D        | Noticed an orb of fire
  5721 | D        | Gained mutation: Your system is resistant to poisons. (rPois) [an orb of fire]
  5723 | D        | Gained mutation: You are clumsy. (Dex -2) [an orb of fire]
  5724 | D        | Killed an orb of fire
  5726 | D        | Noticed an electric golem
  5728 | D        | Killed an electric golem
  5730 | D        | Noticed an electric golem
  5730 | D        | Noticed an ancient lich
  5730 | D        | Noticed an ancient lich
  5731 | D        | Noticed an orb of fire
  5732 | D        | Killed an electric golem
  5733 | D        | Noticed an electric golem
  5734 | D        | Killed an ancient lich
  5734 | D        | Received a gift from Trog
  5736 | D        | Noticed an orb of fire
  5737 | D        | Received a gift from Trog
  5743 | D        | Killed an ancient lich
  5743 | D        | Reached skill level 27 in Stealth
  5743 | D        | Noticed a Killer Klown
  5747 | D        | Killed an orb of fire
  5747 | D        | Reached skill level 27 in Long Blades
  5748 | D        | Killed a Killer Klown
  5748 | D        | Received a gift from Trog
  5748 | D        | Reached skill level 10 in Unarmed Combat
  5751 | D        | Killed an orb of fire
  5752 | D        | Killed an electric golem
  5752 | D        | Reached skill level 15 in Evocations
  5755 | D        | Received a gift from Trog
  5760 | D        | Got an iridescent great sword {god gift}
  5941 | D        | Received a gift from Trog
  5941 | D        | Reached skill level 15 in Unarmed Combat
  5948 | D        | Received a gift from Trog
  5950 | D        | Received a gift from Trog
  5950 | D        | Reached XP level 21. HP: 204/204 MP: 32/34
  5971 | D        | Received a gift from Trog
  6168 | D        | Received a gift from Trog
  6180 | D        | Received a gift from Trog
  6214 | D        | Received a gift from Trog
  6220 | D        | Received a gift from Trog
  6224 | D        | Received a gift from Trog
  6256 | D        | Received a gift from Trog
  6259 | D        | Received a gift from Trog
  6272 | D        | Received a gift from Trog
  6297 | D        | Got an elven rune of Zot
  6329 | D        | Received a gift from Trog
  6331 | D        | Received a gift from Trog
  6344 | D        | Noticed the Royal Jelly
  6352 | D        | Paralysed by a floating eye for 2 turns
  6358 | D        | Killed the Royal Jelly
  6358 | D        | Received a gift from Trog
  6358 | D        | Reached skill level 27 in Evocations
  6368 | D        | Paralysed by a floating eye for 4 turns
  6373 | D        | Received a gift from Trog
  6375 | D        | Reached skill level 27 in Unarmed Combat
  6398 | D        | Got a slimy rune of Zot
  6399 | D        | Reached skill level 5 in Slings
  6544 | D        | Received a gift from Trog
  6544 | D        | Received a gift from Trog
  6544 | D        | Reached skill level 10 in Slings
  6546 | D        | Received a gift from Trog
  6546 | D        | Received a gift from Trog
  6547 | D        | Reached XP level 22. HP: 188/212 MP: 39/39
  6547 | D        | Received a gift from Trog
  6547 | D        | Reached skill level 15 in Slings
  6547 | D        | Received a gift from Trog
  6547 | D        | Received a gift from Trog
  6547 | D        | Paralysed by a sphinx for 5 turns
  6559 | D        | Paralysed by a sphinx for 4 turns
  6566 | D        | Received a gift from Trog
  6670 | D        | Received a gift from Trog
  6910 | D        | Received a gift from Trog
  6923 | D        | Received a gift from Trog
  6996 | D        | Noticed a greater mummy
  6996 | D        | Noticed a greater mummy
  6996 | D        | Noticed a greater mummy
  6996 | D        | Noticed a greater mummy
  6996 | D        | Noticed a greater mummy
  7002 | D        | Received a gift from Trog
  7003 | D        | Killed a greater mummy
  7003 | D        | Received a gift from Trog
  7003 | D        | Killed a greater mummy
  7003 | D        | HP: 7/212 [greater mummy's death curse (29)]
  7005 | D        | Killed a greater mummy
  7005 | D        | Killed a greater mummy
  7005 | D        | HP: 1/209 [something (21)]
  7005 | D        | Received a gift from Trog
  7005 | D        | Killed from afar by a greater mummy

Skill      XL: |  1  2  3  4  5  6  7  8  9 10 11 12 13 14 15 16 17 18 19 20 21 22 |
---------------+-------------------------------------------------------------------+-----
Fighting       | 4 6 7 9 10 11 12 13 14 16 17 18 19 21 23 27 | 27.0
Long Blades    | 4 6 7 9 10 13 14 15 17 18 21 24 26 27 | 27.0
Throwing       | 1 3 4 5 6 8 10 12 15 19 21 24 26 27 | 27.0
Armour         | 3 4 6 7 8 11 12 14 15 17 18 20 23 25 27 | 27.0
Dodging        | 3 4 5 6 7 8 9 10 12 13 15 18 20 23 27 | 27.0
Stealth        | 1 2 3 6 10 14 16 17 22 27 | 27.0
Maces & Flails | 4 8 9 13 14 17 23 27 | 27.0
Evocations     | 2 7 19 27 | 27.0
Unarmed Combat | 18 27 | 27.0
Slings         | 14 24 | 24.6

Action                   |  1- 3 |  4- 6 |  7- 9 | 10-12 | 13-15 | 16-18 | 19-21 | 22-24 || total
-------------------------+-------+-------+-------+-------+-------+-------+-------+-------++-------
Melee: Falchion          |    24 |    11 |       |       |       |       |       |       ||    35
       Scimitar          |       |    24 |    42 |    61 |       |     8 |       |       ||   135
       Morningstar       |       |       |       |    23 |   135 |       |       |       ||   158
       Triple sword      |       |       |       |       |       |    51 |       |       ||    51
       Great sword       |       |       |       |       |       |   181 |       |    23 ||   204
       Maul              |       |       |       |       |       |    54 |    98 |    11 ||   163
Throw: Javelin           |       |       |     1 |    77 |   134 |    96 |    93 |    15 ||   416
       Tomahawk          |       |       |       |     1 |    22 |     3 |     2 |       ||    28
Invok: Trog's Hand       |     1 |     1 |     3 |     1 |     5 |    10 |     9 |     3 ||    33
       Berserk           |     1 |       |     1 |       |     1 |       |       |       ||     3
       Brothers in Arms  |       |       |     1 |       |       |       |       |       ||     1
 Abil: Hop               |       |       |     1 |       |       |       |     1 |       ||     2
Evoke: Wand              |       |       |     1 |       |       |       |       |       ||     1
  Use: Potion            |     1 |       |       |       |     2 |       |       |     5 ||     8
       Scroll            |       |       |       |       |     1 |     7 |       |       ||     8
 Stab: Distracted        |       |       |       |       |       |     2 |     1 |       ||     3
       Sleeping          |       |       |       |       |       |     3 |     9 |     2 ||    14
       Confused          |       |       |       |       |       |     1 |       |       ||     1
  Eat: Chunk             |       |       |     4 |     5 |     7 |     7 |     5 |     2 ||    30
       Ration            |       |       |       |       |     1 |       |     1 |     1 ||     3
Armor: Animal skin       |     9 |     6 |       |       |       |       |       |       ||    15
       Chain mail        |       |    17 |     9 |       |       |       |       |       ||    26
       Plate armour      |       |       |     3 |    15 |       |       |       |       ||    18
       Pearl dragon scal |       |       |       |    24 |   107 |   161 |   111 |    26 ||   429
Dodge: Dodged            |    20 |    20 |    16 |    56 |   162 |   226 |   137 |    44 ||   681
       Rpst.: Falchion   |     8 |     2 |       |       |       |       |       |       ||    10
       Scimitar          |       |     2 |     2 |    13 |       |     3 |       |       ||    20
       Great sword       |       |       |       |       |       |     7 |       |     5 ||    12
       Triple sword      |       |       |       |       |       |     2 |       |       ||     2
